Map: Rhoskallian LE

Players

Daxaka

  • Race: Zerg Zerg
  • Spawn Location: 11:00

MIF

  • Race: Terran Terran
  • Spawn Location: 12:00

Massa

  • Race: Terran Terran
  • League: Platinum
  • Spawn Location: 5:00

qqq

  • Race: Zerg Zerg
  • League: Platinum
  • Spawn Location: 6:00

VOD

Have the link to the VOD?

Description

Time

  • Played on: Nov. 22, 2020, 6:47 a.m.
  • Length: 19:47
Show
View Real Time Build Order
Export as new Build Order

Daxaka Zerg 

Build Orders: Pool First, Lurkers 

Get SALT Encoding   

  12  0:02  Drone  
  13  0:13  Overlord  
  13  0:20  Drone  
  14  0:32  Drone x2  
  14  0:35  Drone  
  17  0:48  Spawning Pool  
  16  0:50  Drone  
  17  0:58  Drone  
  18  1:09  Drone  
  19  1:40  Hatchery  
  19  1:43  Drone x3  
  19  1:45  Extractor, Queen  
  22  2:05  Drone, Roach Warren, Overlord  
  22  2:30  Queen  
  24  2:49  Roach x3  
  30  3:03  Queen  
  30  3:05  Drone x3  
  35  3:07  Drone  
  36  3:23  Extractor, Lair  
  36  3:24  Overlord  
  36  3:25  Overlord  
  35  3:40  Drone  
  36  3:41  Spine Crawler  
  35  3:56  Drone  
  35  3:57  Drone  
  35  3:59  Spore Crawler  
  35  4:02  Roach  
  37  4:09  Drone x3  
  40  4:28  Glial Reconstitution  
  40  4:32  Drone x2  
  40  4:33  Drone x5  
  47  4:46  Drone x2  
  47  4:47  Drone x3  
  52  4:59  Hydralisk Den  
  51  5:07  Drone  
  51  5:09  Overlord  
  51  5:10  Overlord x3  
  52  5:19  Extractor x2, Spore Crawler  
  49  5:35  Hydralisk x5  
  59  5:49  Grooved Spines  
  59  5:52  Drone x3  
  62  5:58  Drone x3  
  62  5:59  Drone  
  62  6:00  Drone  
  67  6:12  Hatchery, Hydralisk x2  
  71  6:25  Drone x2  
  71  6:26  Drone  
  73  6:33  Lurker Den  
  72  6:43  Drone x4  
  76  6:48  Spore Crawler x2  
  76  6:50  Spore Crawler  
  76  6:53  Drone  
  76  6:54  Drone  
  75  7:01  Spore Crawler  
  74  7:03  Drone x2  
  74  7:04  Spore Crawler x2  
  74  7:05  Drone x2, Spore Crawler  
  74  7:08  Muscular Augments  
  75  7:25  Overseer x2  
  75  7:39  Hydralisk x3  
  75  7:42  Overlord x4  
  81  7:47  Spore Crawler x3  
  81  7:49  Spine Crawler  
  81  7:50  Evolution Chamber  
  76  7:52  Evolution Chamber  
  76  7:53  Queen  
  77  8:12  Drone x5  
  82  8:13  Drone x5  
  82  8:14  Drone  
  82  8:18  Zerg Missile Weapons Level 1  
  88  8:33  Lurker  
  88  8:34  Lurker x7  
  90  8:38  Drone x3  
  90  8:39  Drone  
  98  8:52  Infestation Pit  
  98  8:53  Drone x4  
  101  9:00  Zerg Ground Armor Level 1  
  101  9:06  Extractor  
  100  9:11  Extractor  
  100  9:12  Drone x2  
  100  9:13  Drone  
  100  9:14  Drone x3  
  105  9:17  Overlord  
  105  9:18  Overlord x3  
  105  9:20  Overlord  
  105  9:22  Overlord  
  105  9:41  Spine Crawler  
  105  9:43  Hatchery, Spine Crawler  
  102  9:45  Spine Crawler  
  102  9:48  Spine Crawler  
  102  9:50  Evolution Chamber  
  102  9:51  Drone, Spore Crawler  
  102  9:52  Drone x2, Spore Crawler  
  100  9:55  Drone x2  
  102  10:02  Hydralisk x3  
  108  10:10  Hive  
  108  10:11  Hydralisk x3  
  108  10:12  Hydralisk x2  
  118  10:15  Hydralisk  
  120  10:22  Roach x3  
  120  10:24  Hydralisk  
  128  10:41  Hydralisk  
  127  11:03  Hydralisk x3  
  127  11:04  Hydralisk x11  
  135  11:32  Hydralisk  
  135  11:33  Hydralisk x6  
  149  11:40  Zerg Ground Armor Level 2, Zerg Missile Weapons Level 2  
  141  12:05  Adaptive Talons  
  141  12:08  Lurker  
  142  12:09  Lurker  
  139  12:16  Overlord x3  
  139  12:17  Overlord x2  
  139  12:24  Ultralisk Cavern  
  132  12:44  Extractor  
  132  12:48  Hatchery  
  132  12:50  Extractor, Spire  
  128  12:52  Drone x3  
  128  12:53  Drone x2  
  128  12:54  Drone  
  134  13:02  Seismic Spines  
  129  13:41  Metabolic Boost  
  127  13:57  Nydus Network  
  122  14:07  Chitinous Plating  
  122  14:10  Corruptor x7  
  122  14:12  Corruptor  
  138  14:41  Nydus Canal  
  137  14:48  Corruptor x6  
  137  14:50  Hatchery  
  148  15:00  Adrenal Glands  
  148  15:09  Corruptor  
  148  15:10  Corruptor x4  
  158  15:26  Anabolic Synthesis, Ultralisk  
  164  15:36  Nydus Canal  
  152  16:06  Ultralisk x4  
  173  16:24  Nydus Canal  
  173  16:34  Ultralisk x2  
  175  16:52  Zerg Melee Weapons Level 1, Zerg Ground Armor Level 3  
  159  17:11  Nydus Canal  
  171  17:15  Ultralisk x2  
  169  17:49  Hydralisk x5  
  169  17:50  Hydralisk x6  
  169  17:51  Hydralisk x2  
  193  18:05  Nydus Canal  
  189  18:27  Nydus Canal  
  181  18:59  Nydus Canal  
  177  19:07  Zergling x24  
Show
View Real Time Build Order
Export as new Build Order

MIF Terran 

Build Orders: Mech 

Get SALT Encoding   

  12  0:02  SCV  
  13  0:14  SCV  
  14  0:26  SCV, Supply Depot  
  15  0:47  SCV  
  16  0:54  Barracks  
  16  1:00  SCV  
  17  1:12  SCV  
  18  1:24  SCV  
  19  1:39  SCV  
  20  1:41  Refinery, Command Center  
  20  1:42  Marine  
  21  1:57  SCV  
  21  1:58  Refinery  
  22  2:09  SCV  
  23  2:27  SCV  
  23  2:45  SCV  
  23  3:00  Supply Depot  
  23  3:08  Factory  
  23  3:15  Orbital Command  
  23  3:21  Marine  
  24  3:39  Marine  
  25  3:51  SCV  
  25  3:52  Orbital Command  
  26  3:56  Refinery  
  26  3:58  Factory Tech Lab  
  26  4:02  Supply Depot  
  26  4:03  SCV  
  27  4:10  Marine  
  27  4:15  SCV  
  29  4:21  SCV  
  29  4:24  Command Center  
  30  4:27  Bunker  
  30  4:30  Siege Tank  
  33  4:35  SCV x2  
  33  4:36  Factory  
  35  4:43  Marine  
  36  4:47  SCV  
  36  4:50  SCV  
  38  4:59  SCV  
  39  5:01  Marine  
  39  5:02  SCV  
  39  5:06  Siege Tank  
  44  5:11  SCV  
  45  5:14  SCV, Engineering Bay  
  46  5:23  SCV  
  46  5:26  SCV  
  48  5:29  Factory Reactor  
  48  5:30  Infernal Pre-Igniter  
  48  5:35  SCV  
  49  5:36  Supply Depot  
  49  5:40  Supply Depot  
  49  5:49  SCV x3  
  52  6:00  Missile Turret x2  
  52  6:01  SCV  
  52  6:02  Refinery, SCV x2  
  55  6:05  Siege Tank  
  58  6:13  SCV  
  58  6:14  SCV  
  60  6:21  Missile Turret  
  60  6:24  Missile Turret  
  60  6:25  Missile Turret  
  60  6:27  Missile Turret  
  60  6:28  SCV x2  
  60  6:29  Missile Turret  
  62  6:37  Armory  
  62  6:40  Missile Turret  
  62  6:43  SCV, Missile Turret  
  62  6:44  SCV x2, Missile Turret  
  65  6:48  Missile Turret  
  65  6:55  SCV  
  65  6:56  SCV x2  
  65  6:58  Missile Turret  
  68  7:08  SCV  
  69  7:25  Factory  
  69  7:30  Missile Turret  
  69  7:32  SCV  
  69  7:36  Orbital Command  
  70  7:37  Refinery  
  70  7:45  Hellion x2, Factory  
  70  7:51  Terran Vehicle And Ship Armor Level 1  
  74  7:53  Armory  
  74  7:56  Hi-Sec Auto Tracking  
  74  7:58  SCV x2  
  76  8:01  Refinery  
  76  8:06  Hellion  
  76  8:07  Hellion  
  80  8:12  Missile Turret  
  80  8:13  SCV  
  80  8:17  Supply Depot  
  80  8:18  Supply Depot  
  81  8:28  Hellion x2  
  81  8:30  Factory Tech Lab  
  81  8:32  Factory Tech Lab  
  85  8:39  Thor  
  91  8:49  Hellion x2  
  91  8:50  Thor  
  91  8:55  Supply Depot  
  101  8:56  Supply Depot  
  101  9:02  Supply Depot  
  101  9:07  Terran Vehicle Weapons Level 1  
  101  9:16  Hellion, Thor  
  109  9:17  Hellion  
  109  9:20  Supply Depot  
  109  9:21  Thor  
  117  9:38  Hellion  
  119  9:39  Hellion  
  119  9:41  Thor  
  119  9:44  Supply Depot  
  127  9:47  Terran Vehicle And Ship Armor Level 2  
  127  9:49  Supply Depot  
  127  10:02  Thor  
  133  10:08  Starport  
  133  10:14  Supply Depot  
  133  10:16  Supply Depot  
  133  10:31  SCV x2  
  135  10:45  Thor x3  
  135  10:48  Command Center  
  153  11:18  Starport Reactor  
  153  11:23  Fusion Core  
  153  11:43  Supply Depot  
  153  11:45  Supply Depot  
  153  11:53  Starport  
  153  12:06  Supply Depot  
  153  12:17  Liberator x2  
  153  12:19  Terran Vehicle Weapons Level 2  
  153  12:20  Terran Vehicle And Ship Armor Level 3  
  157  12:43  Starport Reactor  
  134  13:00  Liberator x2  
  140  13:09  Advanced Ballistics  
  140  13:14  Planetary Fortress  
  140  13:17  Refinery  
  132  13:40  Liberator x2  
  138  13:43  Liberator x2  
  138  13:45  Refinery  
  144  14:15  Hellion x2  
  148  14:23  Liberator x2  
  154  14:26  Liberator x2  
  160  14:36  Hellion  
  160  14:37  Hellion  
  145  14:58  Hellion x2  
  144  15:06  Liberator x2  
  144  15:09  Liberator x2  
  143  15:19  Hellion x2, Thor  
  143  15:20  Thor x2  
  115  15:49  Liberator x2  
  115  16:02  Thor  
  115  16:03  Thor  
  117  16:38  Siege Tank  
  114  16:40  Viking x4  
  114  16:45  Siege Tank  
  114  16:46  Siege Tank  
  128  16:52  Terran Vehicle Weapons Level 3  
  122  17:09  Command Center  
  122  17:10  Viking  
  124  17:18  Siege Tank x3  
  124  17:21  Barracks  
  133  17:30  Hellion  
  133  17:31  Hellion  
  133  17:34  Command Center  
  137  17:50  Siege Tank x2  
  137  17:51  Hellion  
  145  18:05  SCV x2  
  147  18:17  SCV  
  147  18:18  SCV  
  149  18:20  Refinery  
  149  18:24  Refinery  
  149  18:29  SCV  
  149  18:30  SCV  
  137  18:41  SCV  
  137  18:42  SCV  
  139  18:53  SCV x2  
  139  18:54  SCV  
  142  19:05  SCV  
  116  19:17  SCV  
Show
View Real Time Build Order
Export as new Build Order

Massa Terran 

Build Orders:  

Get SALT Encoding   

  12  0:01  SCV  
  13  0:13  SCV  
  14  0:22  Supply Depot  
  14  0:25  SCV  
  15  0:44  SCV  
  15  0:48  Barracks  
  16  0:51  Refinery  
  16  0:56  SCV  
  17  1:08  SCV  
  18  1:20  SCV  
  19  1:32  SCV, Barracks  
  20  1:39  Reaper  
  21  1:44  Orbital Command  
  21  2:15  SCV  
  21  2:17  Command Center  
  22  2:47  SCV  
  23  3:08  Supply Depot  
  23  3:11  Supply Depot  
  23  3:16  Factory  
  23  3:19  Barracks Reactor  
  23  3:29  SCV  
  24  3:40  Barracks Tech Lab  
  24  3:41  SCV, Orbital Command  
  25  3:53  SCV  
  26  3:57  Marine x2  
  26  3:59  Bunker, Marauder  
  26  4:00  Stimpack  
  26  4:02  Factory Tech Lab  
  30  4:05  SCV  
  30  4:09  SCV  
  32  4:11  Refinery  
  32  4:13  Refinery  
  32  4:15  Marine x2  
  32  4:16  Supply Depot  
  34  4:17  SCV  
  34  4:18  Supply Depot  
  34  4:21  SCV  
  36  4:24  Starport  
  36  4:31  Marauder  
  38  4:33  Marine x2  
  40  4:41  SCV x2  
  40  4:43  Barracks  
  42  4:52  Engineering Bay  
  42  4:55  Armory  
  42  5:00  Marine x2  
  42  5:01  Marauder  
  46  5:09  Refinery, Starport Tech Lab  
  46  5:18  Marine x2  
  48  5:22  Marauder  
  48  5:25  Siege Tank  
  52  5:52  Marauder, Marine x2  
  52  5:54  Barracks Tech Lab  
  52  5:55  SCV x2  
  58  5:57  Siege Tank  
  58  5:59  Banshee  
  64  6:07  SCV x2  
  66  6:11  Terran Infantry Armor Level 1  
  66  6:13  Marauder  
  66  6:16  Engineering Bay  
  68  6:23  Terran Vehicle And Ship Armor Level 1  
  68  6:25  Concussive Shells  
  68  6:26  Combat Shield  
  68  6:30  Marauder  
  70  6:42  Supply Depot  
  70  6:43  Supply Depot  
  70  6:44  Terran Infantry Weapons Level 1  
  70  7:04  SCV x2, Marauder, Marine, Medivac  
  70  7:05  Supply Depot  
  77  7:16  SCV x2  
  79  7:28  SCV  
  77  7:32  Marauder x2, Marine x2  
  83  7:38  Siege Tank  
  83  7:41  Medivac  
  88  7:50  Marine  
  88  7:51  Command Center  
  89  7:54  Marauder x2  
  89  7:57  Barracks  
  93  8:16  Barracks  
  93  8:19  Starport Reactor  
  93  8:22  Marine  
  94  8:29  Supply Depot  
  94  8:30  Supply Depot  
  94  8:32  Supply Depot  
  94  8:36  Terran Infantry Armor Level 2  
  94  8:44  Terran Infantry Weapons Level 2  
  94  8:51  Marauder, Marine x2, Siege Tank  
  94  8:52  Barracks Tech Lab, Marauder  
  94  8:53  Supply Depot  
  103  8:56  Supply Depot  
  103  8:58  Supply Depot  
  103  9:08  Marauder  
  103  9:09  Marine  
  106  9:12  Marauder  
  106  9:14  Marauder  
  110  9:18  Marauder  
  110  9:22  SCV x2  
  114  9:29  Marauder  
  116  9:34  SCV x2  
  116  9:35  Missile Turret  
  116  9:38  Missile Turret  
  118  9:40  Medivac  
  118  9:41  Medivac  
  122  9:46  Siege Tank  
  125  9:52  Factory  
  125  9:59  Missile Turret  
  125  10:02  Missile Turret  
  125  10:03  SCV  
  125  10:04  SCV  
  127  10:14  Planetary Fortress  
  127  10:15  SCV  
  127  10:16  SCV  
  129  10:23  Siege Tank  
  129  10:25  Medivac  
  129  10:27  Medivac  
  129  10:28  SCV x2  
  137  10:31  Smart Servos  
  138  10:44  Sensor Tower  
  138  10:47  Factory Tech Lab  
  138  10:51  Terran Vehicle Weapons Level 1  
  138  10:55  Siege Tank  
  141  11:27  Siege Tank  
  144  12:15  Siege Tank x2  
  144  12:18  Marauder  
  144  12:19  Marauder x3  
  153  12:40  Marauder x2  
  157  12:50  Siege Tank  
  155  13:01  Supply Depot  
  155  13:02  Supply Depot  
  155  13:05  Supply Depot  
  155  13:06  Supply Depot x2  
  155  13:07  Supply Depot  
  155  13:08  Terran Infantry Weapons Level 3, Terran Infantry Armor Level 3  
  155  13:20  Command Center  
  155  13:23  Siege Tank  
  155  13:24  Supply Depot  
  155  13:25  Supply Depot  
  158  13:31  Medivac  
  158  13:32  Medivac  
  162  13:34  Siege Tank  
  162  13:36  Marauder x4, Marine  
  174  13:54  Marine x2  
  174  13:55  Siege Tank  
  179  13:57  Marauder x4  
  179  14:01  Medivac  
  179  14:02  Medivac  
  191  14:06  Siege Tank  
  194  14:12  Marine  
  194  14:15  Refinery  
  194  14:16  Refinery  
  195  14:25  Fusion Core  
  195  14:35  Orbital Command  
  195  14:37  Refinery  
  177  14:55  Viking x2  
  181  15:09  Command Center  
  181  15:23  Marauder  
  181  15:24  Marauder x3, Marine  
  181  15:25  Marine, Viking x2  
  167  15:42  Marine x2  
  139  15:45  Marauder  
  139  15:46  Marauder x3  
  142  16:00  Marine x2  
  144  16:07  Marauder x3  
  132  16:17  Marine  
  132  16:18  Marine  
  121  16:28  Marauder x3  
  115  16:35  Marine, Siege Tank  
  115  16:36  Marine  
  90  16:50  Marauder x3  
  90  16:53  Marine  
  90  16:54  Marine  
  76  16:55  Starport Reactor  
  75  17:07  Refinery  
  75  17:08  Siege Tank  
  78  17:11  Marauder x3  
  84  17:32  Marauder x3  
  90  17:38  Engineering Bay  
  90  17:40  Siege Tank  
  90  17:41  Command Center  
  92  17:52  Medivac x2  
  92  17:54  Marauder  
  92  17:55  Marauder x2, Marine  
  92  17:56  Marine  
  104  18:06  Engineering Bay  
  104  18:12  Siege Tank  
  107  18:13  Marine x2  
  107  18:15  Marauder  
  107  18:17  Marauder x2  
  115  18:22  Liberator x2  
  121  18:31  Marine x2  
  121  18:32  Armory  
  114  18:37  Marauder, Marine  
  114  18:38  Marauder  
  115  18:44  Siege Tank  
  118  18:49  Marine x2  
  120  18:56  Marauder  
  120  18:58  Marauder  
  120  18:59  Marine  
  125  19:07  Marine x2  
  133  19:10  Orbital Command  
  133  19:17  Marine x2  
  128  19:18  Factory  
  128  19:19  Barracks, Marine  
  128  19:20  Barracks  
  88  19:25  Marine x2  
Show
View Real Time Build Order
Export as new Build Order

qqq Zerg 

Build Orders: Hatch First, Brood Lord Corruptor, Lurkers 

Get SALT Encoding   

  12  0:01  Drone  
  13  0:12  Drone  
  14  0:30  Overlord  
  14  0:50  Hatchery  
  14  0:51  Drone  
  14  0:52  Drone  
  14  0:56  Drone  
  16  1:02  Drone  
  17  1:18  Spawning Pool  
  16  1:34  Drone x2  
  16  1:36  Extractor  
  17  2:16  Drone x3  
  17  2:17  Drone  
  17  2:18  Drone  
  22  2:32  Spine Crawler  
  22  2:34  Drone  
  22  2:36  Drone x2  
  24  2:46  Overlord  
  24  2:47  Drone  
  25  2:54  Extractor  
  25  3:01  Drone  
  25  3:03  Zergling x4  
  28  3:07  Queen  
  28  3:08  Queen  
  28  3:09  Drone  
  28  3:10  Hatchery  
  33  3:19  Zergling x2  
  34  3:20  Drone  
  34  3:29  Metabolic Boost  
  34  3:33  Zergling x4  
  36  3:41  Overlord  
  36  3:43  Overlord  
  36  3:58  Hatchery, Zergling x2  
  36  4:00  Overlord  
  36  4:02  Lair  
  36  4:04  Zergling x2  
  36  4:06  Zergling x4  
  39  4:12  Extractor  
  39  4:13  Drone  
  39  4:18  Drone x4  
  39  4:23  Drone  
  39  4:24  Drone x3  
  47  4:33  Overlord  
  47  4:36  Drone x2  
  49  4:39  Extractor  
  49  4:41  Queen  
  49  4:44  Zergling x2  
  51  4:52  Drone x2  
  53  4:56  Drone  
  53  4:57  Overlord  
  53  4:58  Zergling x4  
  56  5:04  Spire  
  56  5:06  Drone  
  56  5:12  Overseer  
  56  5:14  Drone x3  
  59  5:15  Drone  
  59  5:17  Extractor  
  59  5:25  Overlord  
  59  5:26  Zergling x8  
  59  5:28  Drone  
  64  5:35  Drone x4  
  68  5:36  Drone  
  69  5:44  Drone  
  69  5:45  Drone x3  
  69  5:46  Overlord  
  69  5:48  Drone  
  74  6:24  Infestation Pit  
  73  6:27  Hydralisk Den  
  73  6:28  Evolution Chamber  
  73  6:29  Drone  
  73  6:30  Drone x3, Overlord  
  73  6:31  Overlord  
  73  6:32  Drone x7, Evolution Chamber  
  81  6:33  Drone x4  
  81  6:38  Drone x4  
  89  6:40  Extractor  
  89  6:41  Extractor, Mutalisk  
  89  6:51  Mutalisk x2  
  93  6:57  Queen  
  93  6:58  Drone x2  
  93  7:00  Queen  
  99  7:02  Drone x2  
  99  7:06  Mutalisk x2  
  105  7:10  Extractor x2  
  105  7:11  Hive  
  103  7:16  Zerg Missile Weapons Level 1  
  103  7:17  Lurker Den  
  103  7:18  Hydralisk  
  103  7:19  Drone x3  
  103  7:20  Drone  
  103  7:22  Hydralisk  
  108  7:26  Hydralisk  
  112  7:34  Drone x2  
  112  7:36  Queen  
  116  7:41  Drone  
  116  7:42  Drone, Mutalisk  
  120  7:44  Overlord x2  
  120  7:45  Overlord x3  
  120  8:01  Overlord x2  
  120  8:05  Hydralisk x3  
  122  8:10  Drone x6  
  122  8:11  Queen, Zerg Ground Armor Level 1  
  132  8:31  Drone  
  132  8:32  Drone x3, Hydralisk x2  
  132  8:34  Hydralisk x3  
  136  8:36  Lurker x2  
  136  8:37  Lurker x4  
  148  8:41  Seismic Spines  
  148  8:47  Greater Spire  
  149  8:48  Drone x2  
  149  8:51  Corruptor  
  152  9:06  Hatchery  
  151  9:10  Drone x2  
  151  9:11  Drone x2  
  151  9:14  Hatchery  
  151  9:15  Zerg Missile Weapons Level 2  
  154  9:21  Ultralisk Cavern  
  153  9:38  Adaptive Talons  
  153  9:43  Drone x3  
  156  9:46  Spore Crawler  
  156  9:47  Spine Crawler, Corruptor  
  156  9:48  Spine Crawler, Corruptor x7  
  169  9:57  Overlord  
  169  9:58  Drone  
  170  10:05  Lurker x2  
  170  10:06  Zerg Melee Weapons Level 1  
  172  10:21  Lurker x3  
  175  10:25  Brood Lord  
  175  10:26  Brood Lord  
  175  10:27  Drone x3  
  175  10:28  Drone x4  
  186  10:40  Drone x3  
  186  10:41  Drone  
  190  10:54  Hatchery  
  186  10:57  Spine Crawler  
  186  10:58  Hatchery, Extractor  
  186  11:00  Extractor  
  154  11:10  Brood Lord x6  
  163  11:13  Drone x3  
  166  11:31  Ultralisk, Corruptor x3  
  178  12:00  Brood Lord, Corruptor x5  
  190  12:33  Corruptor x3  
  190  12:34  Corruptor x2  
  189  13:01  Zerg Ground Armor Level 2, Zerg Missile Weapons Level 3  
  189  13:03  Zerg Flyer Armor Level 1  
  189  13:05  Anabolic Synthesis  
  189  13:08  Drone  
  189  13:09  Drone x7  
  189  13:10  Drone  
  198  13:18  Brood Lord  
  200  13:24  Spine Crawler  
  200  13:26  Spine Crawler  
  182  13:35  Brood Lord x3  
  182  13:38  Ultralisk  
  194  13:45  Zergling x12  
  200  13:50  Extractor  
  199  13:58  Extractor  
  198  14:07  Spine Crawler  
  197  14:16  Zergling x6  
  189  15:08  Ultralisk  
  189  15:09  Zergling x4  
  189  15:10  Zergling x4  
  157  15:22  Overlord x2  
  157  15:23  Overlord x7  
  138  15:31  Overlord  
  138  15:32  Overlord x2  
  119  15:45  Spine Crawler  
  119  15:46  Spine Crawler x2  
  119  15:47  Spine Crawler x2  
  119  15:49  Spine Crawler, Spawning Pool  
  108  15:52  Spine Crawler  
  91  16:33  Spawning Pool  
  90  16:51  Drone x2  
  90  16:52  Drone  
  90  16:53  Drone x3  
  90  16:54  Drone x3  
  99  17:07  Spine Crawler  
  99  17:08  Lair  
  95  17:10  Spine Crawler  
  95  17:12  Spine Crawler  
  93  17:16  Spine Crawler  
  93  17:17  Spine Crawler  
  93  17:20  Spine Crawler x2  
  89  17:25  Spine Crawler  
  88  17:31  Spine Crawler  
  87  17:40  Spore Crawler x2  
  87  17:41  Drone x2  
  87  17:42  Drone  
  86  17:46  Hatchery  
  86  17:49  Spore Crawler  
  86  17:50  Zergling x2  
  86  17:51  Zergling x6  
  82  17:52  Zergling x12  
  82  17:53  Zergling x10  
  80  18:09  Lair  
  76  18:45  Hatchery  
  67  19:03  Spawning Pool  
Tags
 
Add a new tag
Caveats
  • Supply blocks, unpowered buildings, or Contaminate may cause inaccurate times.
  • Supply counts are checked every 10 seconds.